 Dungeon Crawl Stone Soup version 0.29-a0-330-g52719c12eb (webtiles) character file.

Game seed: 11924857077629526206

2 HoaS the Shield-Bearer (level 1, -5/22 HPs)
             Began as a Troll Fighter on May 19, 2022.
             Killed from afar by an orc wizard (7 damage)
             ... with a magic dart
             ... on level 3 of the Dungeon.
             The game lasted 00:00:37 (274 turns).

HoaS the Shield-Bearer (Troll Fighter)               Turns: 274, Time: 00:00:37

Health: -5/22      AC:  4    Str: 23    XL:     1   Next: 25%
Magic:  0/0        EV:  8    Int:  4    God:
Gold:   22         SH:  7    Dex:  9    Spells: 0/0 levels left

rFire   . . .      SeeInvis .     - Unarmed
rCold   . . .      Faith    .   b - +0 kite shield
rNeg    . . .      Spirit   .   a - +0 robe
rPois   .          Reflect  .   (helmet restricted)
rElec   .          Harm     .   (no cloak)
rCorr   .          Rampage  .   (gloves unavailable)
Will    .....                   (boots unavailable)
Stlth   +.........              (no amulet)
HPRegen 0.87/turn               (no ring)
MPRegen 0.07/turn               (no ring)

@: no status effects
A: large, unfitting armour, claws 3, regeneration 1, shaggy fur 1, tough skin 1
a: no special abilities


You were on level 3 of the Dungeon.
You visited 1 branch of the dungeon, and saw 3 of its levels.

You collected 22 gold pieces.

Inventory:

Armour
 a - a +0 robe (worn)
 b - a +0 kite shield (worn)
Jewellery
 d - an amulet of the acrobat
Potions
 c - a potion of might
 e - a potion of magic {unknown}


   Skills:
 + Level 2.4 Fighting
 + Level 2.4 Dodging
 + Level 2.4 Shields
 + Level 2.0 Unarmed Combat


You couldn't memorise any spells.
You didn't know any spells.
Your spell library was empty.

Dungeon Overview and Level Annotations

Branches:
Dungeon (3/15)

Altars:
Xom


Innate Abilities, Weirdness & Mutations

You are too large for most types of armour.
You have claws for hands.
Your natural rate of healing is unusually fast.
You are covered in fur. (AC +1)
You have tough skin. (AC +1)


Message History

The orc shouts!
The orc wizard casts a spell at you. You resist with significant effort.
An orc priest comes into view. It is wielding a +0 hand axe.
The orc wizard barely misses you. The orc wizard closely misses you.
The orc wizard barely misses you.
The orc priest shouts!
The orc priest begins to cast a cantrip, but forgets the words!
The orc wizard hits you with a +0 dagger.
An orc comes into view. It is wielding a +0 dagger.
The orc shouts!
The orc wizard barely misses you.
The orc wizard hits you with a +0 dagger.
The orc wizard completely misses you.
The orc wizard hits you with a +0 dagger.
You block the orc wizard's attack.
The orc wizard hits you but does no damage.
The orc priest invokes the aid of Beogh against you.
Beogh smites you!
Ouch! That really hurt!
* * * LOW HITPOINT WARNING * * *
The orc wizard hits you with a +0 dagger.
* * * LOW HITPOINT WARNING * * *
The orc wizard barely misses you.
The orc wizard hits you but does no damage.
The orc wizard hits you but does no damage.
The orc priest miscasts a cantrip.
The orc wizard hits you with a +0 dagger.
* * * LOW HITPOINT WARNING * * *
The orc wizard hits you but does no damage.
The orc priest begins to cast a cantrip, but forgets the words!
The orc wizard hits you but does no damage.
The orc wizard hits you with a +0 dagger.
* * * LOW HITPOINT WARNING * * *
The orc wizard hits you with a +0 dagger.
* * * LOW HITPOINT WARNING * * *
The orc wizard points at you and mumbles some strange words.
The magic dart hits you!
You die...

###...###.#
#.......#
##.######
#.# #.# #.#
#.#
#.#######.#
..ooooo@..#
..#########


You could see 2 orc priests, an orc wizard and 2 orcs.

Vanquished Creatures
  A frilled lizard (D:2)
  2 rats (D:2)
3 creatures vanquished.

Notes
Turn   | Place    | Note
-------+----------+-------------------------------------------
     0 | D:1      | HoaS the Troll Fighter began the quest for the Orb.
     0 | D:1      | Reached XP level 1. HP: 22/22 MP: 0/0
    13 | D:1      | You fall into a shaft and drop 1 floor!
    19 | D:2      | Found a shimmering altar of Xom.
   248 | D:3      | Noticed an orc wizard
   249 | D:3      | Noticed an orc priest
   253 | D:3      | Noticed an orc priest
   265 | D:3      | HP: 1/22 [orc wizard/+0 dagger (3)]
   274 | D:3      | Killed from afar by an orc wizard

Illustrated notes

Levels and vault maps discovered:
D:1:      nzn_arrival_water_spiral, layout_basic,
          hellmonk_ecumenical_altar_pennies_from_heaven, minmay_box_of_dots
D:2:      layout_basic, basic_altar, dk_noncrumbling_2
D:3:      layout_loops_corners, nicolae_overflow_hidden_temple

Action                   || total
-------------------------++-------
Melee: Unarmed           ||    11
Armor: Robe              ||    28
Dodge: Dodged            ||    23
Block: Kite shield       ||    28

Table legend: (Time is in decaauts)
 A = Elapsed time spent in this place.
 B = Non-inter-level travel time spent in this place.
 C = Inter-level travel time spent in this place.
 D = Time resting spent in this place.
 E = Time spent auto-exploring this place.
 F = Levels seen in this place.
 G = Mean time per level.
                   A        B        C        D        E       F      G
               +--------+--------+--------+--------+--------+-----+--------+
         Total |    274 |    253 |     21 |      0 |    123 |   3 |   91.3 |
       Dungeon |    274 |    253 |     21 |      0 |    123 |   3 |   91.3 |
               +--------+--------+--------+--------+--------+-----+--------+

Top non-repeatable levels by time:
     D:2: 205 daAuts
     D:3: 56 daAuts
     D:1: 13 daAuts
